Map: Submarine LE

Players

Kelazhur

  • Race: Terran Terran
  • League: Master
  • Spawn Location: 11:00

SpeCial - Winner!

  • Race: Terran Terran
  • Spawn Location: 5:00

Event: DreamHack SC2 Masters 2020 Summer Latin America

VOD

Have the link to the VOD?

Description

Time

  • Played on: June 27, 2020, 4:04 p.m.
  • Length: 8:05

All games in this series

Show
View Real Time Build Order
Export as new Build Order

Kelazhur Terran 

Build Orders: Reaper Expand 

Get SALT Encoding   

  12  0:00  SCV  
  13  0:13  SCV  
  14  0:17  Supply Depot  
  14  0:25  SCV  
  15  0:38  SCV  
  15  0:40  Barracks  
  16  0:43  Refinery  
  16  0:50  SCV  
  17  1:03  SCV  
  18  1:15  SCV  
  19  1:27  Reaper, Orbital Command  
  20  1:40  Command Center  
  20  1:49  Supply Depot  
  20  1:53  SCV  
  21  1:59  Marine  
  22  2:04  Factory  
  23  2:08  SCV  
  23  2:13  Refinery  
  23  2:19  Bunker  
  23  2:21  Barracks Reactor  
  23  2:25  SCV  
  24  2:37  SCV  
  24  2:49  SCV  
  24  2:50  Hellion  
  27  2:53  Starport  
  27  2:58  Marine x2  
  28  3:01  SCV  
  30  3:07  Orbital Command  
  30  3:13  SCV  
  30  3:15  Factory Tech Lab  
  30  3:16  Marine  
  32  3:25  SCV  
  32  3:26  Marine  
  34  3:27  Refinery  
  34  3:34  Marine  
  34  3:35  SCV  
  34  3:37  SCV  
  37  3:45  Starport Tech Lab  
  37  3:47  SCV  
  37  3:48  Marine, Siege Tank  
  39  3:49  SCV  
  39  3:52  Marine  
  42  3:55  Supply Depot  
  42  3:59  SCV  
  42  4:04  SCV  
  42  4:05  Raven  
  42  4:08  Supply Depot  
  45  4:12  SCV  
  45  4:17  SCV, Marine x2  
  46  4:23  Supply Depot  
  46  4:24  SCV, Siege Tank  
  50  4:29  SCV  
  54  4:34  Marine x2  
  54  4:36  SCV  
  57  4:41  SCV  
  57  4:42  Supply Depot  
  58  4:48  SCV, Raven  
  58  4:52  Marine x2  
  61  4:53  SCV  
  62  5:00  SCV  
  62  5:05  SCV  
  63  5:10  Siege Tank  
  63  5:12  SCV  
  63  5:14  Supply Depot  
  66  5:17  SCV  
  66  5:19  Marine x2  
  69  5:23  Command Center  
  69  5:24  SCV  
  70  5:29  SCV  
  70  5:32  Raven  
  73  5:36  SCV  
  73  5:41  SCV  
  73  5:42  Supply Depot  
  77  5:48  SCV  
  77  5:49  Supply Depot, Refinery  
  78  5:54  SCV  
  78  5:56  Supply Depot  
  77  5:57  Barracks  
  77  5:58  Barracks  
  77  6:00  SCV  
  77  6:02  Barracks Reactor  
  77  6:03  Siege Tank  
  81  6:07  SCV  
  82  6:17  SCV  
  80  6:30  SCV x2, Engineering Bay  
  80  6:31  Engineering Bay  
  82  6:38  Siege Tank  
  82  6:39  Orbital Command, Marine x2  
  82  6:48  SCV  
  85  6:56  SCV  
  85  6:57  Marine x2, Barracks Tech Lab x2  
  85  7:00  SCV  
  87  7:11  SCV x2  
  87  7:12  Supply Depot  
  88  7:16  SCV  
  88  7:19  Siege Tank  
  86  7:23  Marine  
  86  7:24  Marine x3  
  83  7:36  SCV  
Show
View Real Time Build Order
Export as new Build Order

SpeCial Terran - Winner!

Build Orders: Liberator Opening 

Get SALT Encoding   

  12  0:00  SCV  
  13  0:12  SCV  
  14  0:17  Supply Depot  
  14  0:25  SCV  
  14  0:27  Refinery  
  15  0:39  SCV  
  16  0:44  Barracks  
  16  0:51  SCV  
  16  0:53  Refinery  
  17  1:03  SCV  
  18  1:15  SCV  
  19  1:32  Factory  
  19  1:33  Orbital Command  
  19  1:34  Reaper  
  20  1:42  Supply Depot  
  20  1:59  SCV  
  21  2:06  Reaper  
  22  2:11  SCV  
  23  2:16  Hellion  
  25  2:23  SCV  
  25  2:29  Command Center  
  26  2:39  SCV  
  26  2:41  Factory Tech Lab  
  26  2:42  Barracks Reactor  
  26  2:46  Supply Depot  
  26  2:51  SCV  
  26  2:52  Starport  
  27  3:02  Cyclone  
  27  3:03  SCV  
  31  3:15  SCV  
  31  3:17  Marine  
  31  3:18  Marine  
  34  3:21  Refinery  
  34  3:27  SCV  
  34  3:30  Liberator  
  38  3:35  Marine  
  38  3:40  Marine  
  39  3:42  Orbital Command  
  39  3:45  SCV  
  40  3:50  Siege Tank  
  43  3:56  Marine  
  43  3:58  SCV, Marine  
  46  4:03  Supply Depot  
  46  4:09  SCV  
  47  4:10  SCV  
  47  4:15  Supply Depot  
  48  4:21  SCV  
  48  4:22  SCV  
  48  4:24  Siege Tank  
  53  4:29  Viking  
  55  4:33  Viking  
  55  4:37  SCV x2  
  59  4:41  Supply Depot  
  59  4:43  Barracks Tech Lab  
  59  4:49  SCV x2  
  61  4:56  Siege Tank  
  64  5:04  SCV  
  65  5:07  Viking x2  
  65  5:09  Marine  
  65  5:10  SCV  
  68  5:16  SCV  
  68  5:18  Stimpack  
  69  5:23  SCV  
  69  5:27  Marine  
  71  5:37  Viking x2, SCV x2  
  71  5:42  Supply Depot  
  77  5:46  Bunker, Marine  
  78  5:53  SCV x2  
  80  5:58  Siege Tank  
  83  6:04  Marine  
  83  6:05  SCV  
  83  6:07  Liberator  
  88  6:23  SCV  
  88  6:25  Liberator  
  88  6:27  SCV  
  88  6:31  Marine  
  90  6:35  SCV  
  90  6:36  Command Center  
  90  6:40  SCV  
  90  6:45  Siege Tank  
  93  6:49  Marine  
  93  6:53  Barracks x2  
  94  6:54  SCV x2, Refinery  
  94  6:59  Supply Depot  
  93  7:06  Marine  
  92  7:09  SCV  
  92  7:11  Engineering Bay  
  92  7:12  SCV  
  92  7:14  Engineering Bay  
  93  7:24  Marine  
  94  7:34  SCV x2  
  94  7:35  Viking x2  
Tags
 
Add a new tag
Caveats
  • Supply blocks, unpowered buildings, or Contaminate may cause inaccurate times.
  • Supply counts are checked every 10 seconds.